 Dungeon Crawl Stone Soup version 0.29-a0-322-g68df515428 (webtiles) character file.

Game seed: 228301898405357316

722 zazu2006 the Magician (level 7, -9/46 (51) HPs)
             Began as a Gnoll Hedge Wizard on Apr 9, 2022.
             Mangled by a wight
             ... wielding a +3 war axe
              (11 damage)
             ... on level 5 of the Dungeon on Apr 10, 2022.
             The game lasted 00:11:24 (5072 turns).

zazu2006 the Magician (Gnoll Hedge Wizard)          Turns: 5072, Time: 00:11:26

HP:   -9/46 (51)    AC:  3    Str:  9    XL:     7   Next: 71%
MP:   18/18         EV: 13    Int: 16    God:
Gold: 257           SH:  0    Dex: 11    Spells: 12/21 levels left

rFire   . . .      SeeInvis .   a - +2 scythe (vorpal)
rCold   . . .      Faith    .   (shield currently unavailable)
rNeg    . . .      Spirit   .   b - +0 robe
rPois   .          Reflect  .   c - +0 hat
rElec   .          Harm     .   (no cloak)
rCorr   .          Rampage  .   (no gloves)
Will    +....                   o - +0 pair of boots
Stlth   +++.......              p - amulet of regeneration
HPRegen 0.95/turn               i - ring of willpower
MPRegen 0.16/turn               (no ring)

@: drained
A: fangs 1, strong nose, distributed training
a: no special abilities


You were on level 5 of the Dungeon.
You visited 1 branch of the dungeon, and saw 5 of its levels.

You collected 257 gold pieces.

Inventory:

Hand Weapons
 a - a +2 vorpal scythe (weapon)
 u - a +1 dagger of holy wrath
 x - a +0 falchion
Missiles
 g - 3 poisoned darts
Armour
 b - a +0 robe (worn)
 c - a +0 hat (worn)
 f - a +0 leather armour
 o - a +0 pair of boots (worn)
Jewellery
 i - a ring of willpower (left hand)
 p - an amulet of regeneration (around neck)
 y - a ring of wizardry
Scrolls
 e - 3 scrolls of identify {unknown}
 h - 3 scrolls of brand weapon {unknown}
 j - 2 scrolls of blinking {unknown}
 k - a scroll of torment {unknown}
 n - a scroll of fog {unknown}
 r - a scroll of enchant weapon {unknown}
 t - a scroll of immolation {unknown}
 v - a scroll of enchant armour {unknown}
 z - a scroll of noise {unknown}
 B - a scroll of holy word {unknown}
 C - a scroll of acquirement {unknown}
Potions
 d - 2 potions of magic
 l - a potion of flight {unknown}
 m - a potion of heal wounds {unknown}
 q - a potion of berserk rage {unknown}
 s - a potion of attraction {unknown}
 w - a potion of curing
 A - a potion of lignification {unknown}


   Skills:
 + Level 2.6 Fighting
 + Level 2.6 Short Blades
 + Level 2.6 Long Blades
 + Level 2.6 Axes
 + Level 2.6 Maces & Flails
 + Level 2.6 Polearms
 + Level 2.6 Staves
 + Level 2.6 Slings
 + Level 2.6 Bows
 + Level 2.6 Crossbows
 + Level 2.6 Throwing
 + Level 2.6 Armour
 + Level 5.3 Dodging
 + Level 5.0 Stealth
 + Level 2.6 Shields
 + Level 2.6 Unarmed Combat
 + Level 7.7 Spellcasting
 + Level 3.1 Conjurations
 + Level 2.1 Hexes
 + Level 3.1 Summonings
 + Level 2.1 Necromancy
 + Level 3.1 Translocations
 + Level 2.1 Transmutations
 + Level 2.1 Fire Magic
 + Level 2.1 Ice Magic
 + Level 2.1 Air Magic
 + Level 2.1 Earth Magic
 + Level 2.1 Poison Magic
 + Level 3.0 Invocations
 + Level 2.6 Evocations


You had 12 spell levels left.
You knew the following spells:

 Your Spells              Type           Power      Damage    Failure   Level
a - Magic Dart            Conj           64%        1d6       3%          1
b - Mephitic Cloud        Conj/Pois/Air  14%        N/A       13%         3
c - Conjure Flame         Conj/Fire      14%        6-21      12%         3
d - Blink                 Tloc           32%        N/A       4%          2

Your spell library contained the following spells:

 Spells                   Type           Power      Damage    Failure   Level
 Sandblast                Erth           26%        2d8       4%          1
 Slow                     Hex            52%        N/A       4%          1
 Call Imp                 Summ           16%        N/A       4%          2
 Corpse Rot               Necr/Air       26%        N/A       7%          2
 Ensorcelled Hibernation  Hex/Ice        26%        N/A       7%          2
 Passwall                 Tmut/Erth      10%        N/A       7%          2
 Stone Arrow              Conj/Erth      28%        3d8       12%         3
 Spider Form              Tmut/Pois      13%        N/A       14%         3
 Anguish                  Hex/Necr       6%         N/A       43%         4
 Dispel Undead            Necr           13%        3d9       43%         4
 Death Channel            Necr           6%         N/A       100%        6


Dungeon Overview and Level Annotations

Branches:
Dungeon (5/15)
 Temple: D:4-7

Altars:
Hepliaklqana

Shops:
D:2 *

Annotations:
D:4 1 runed translucent door, Darius099's ghost, amateur TrBe


Innate Abilities, Weirdness & Mutations

You have very sharp teeth.
Your uncanny sense of smell can sniff out nearby items.
Your experience applies equally to all skills.


Message History

Your magical contamination has completely faded away.
You slash the hound!
You kill the hound!
Your Invocations skill increases to level 3!
You see here a hound corpse.
HP restored.
Found a stone staircase leading down.
Found a stone staircase leading up.
You now have 257 gold pieces (gained 15).
A wight comes into view. It is wielding a +3 war axe.
A wight is nearby!
Casting: Magic Dart (safe; 3% risk of failure)
Confirm with . or Enter, or press ? or * to list all spells.
Aiming: Magic Dart (safe; 3% risk of failure)
Press: ? - help, Shift-Dir - straight line, f - wight
Aim: a wight, wielding a +3 war axe and wearing a +0 robe (dormant, 100% to hit)
The magic dart hits the wight.
The wight is moderately damaged.
You see here a hound corpse.
You closely miss the wight.
The wight is lightly damaged.
The wight hits you with a +3 war axe!
You feel drained. The wight closely misses you.
You slash the wight!
The wight is severely damaged.
The wight hits you with a +3 war axe!
You closely miss the wight.
The wight is severely damaged.
The wight barely misses you. The wight hits you with a +3 war axe!
* * * LOW HITPOINT WARNING * * *
You feel drained.
* * * LOW HITPOINT WARNING * * *
You closely miss the wight.
The wight is severely damaged.
The wight hits you with a +3 war axe!
* * * LOW HITPOINT WARNING * * *
You feel drained.
* * * LOW HITPOINT WARNING * * *
The wight hits you with a +3 war axe!
You die...

..########
#.####......#
..†#.....#
#.....#z#.###
#........#
#####.#.#.#
##.#.#####
#.#.#.#
...#.....#
#.#.#.#
########.#
#.....# .#
#.# ###.###
.###
#.#########†#
...#
#........@z.#
##.#
#############
# .# # # . ##


You could see a wight.

Vanquished Creatures
  Sigmund (D:4)
  Eustachio (D:4)
  A gnoll shaman (D:4)
  A hound (D:5)
  4 iguanas
  Natasha (thrice) (D:3)
  3 gnolls (D:4)
  9 adders
  An ufetubus (D:4)
  A dart slug (D:4)
  3 orcs
  9 endoplasms
  3 giant cockroaches
  7 hobgoblins
  3 jackals (D:4)
  9 kobolds
  7 quokkas
  4 ball pythons
  6 bats
  4 frilled lizards
  5 goblins
  5 rats
90 creatures vanquished.

Vanquished Creatures (others)
  A fungus (D:1)
  2 plants (D:4)
3 creatures vanquished.

Grand Total: 93 creatures vanquished

Notes
Turn   | Place    | Note
-------+----------+-------------------------------------------
     0 | D:1      | zazu2006 the Gnoll Hedge Wizard began the quest for the
                  | Orb.
     0 | D:1      | Reached XP level 1. HP: 13/13 MP: 8/8
   381 | D:1      | Reached XP level 2. HP: 19/19 MP: 3/10
  1299 | D:2      | Reached XP level 3. HP: 25/25 MP: 9/11
  1309 | D:2      | Learned a level 3 spell: Mephitic Cloud
  1313 | D:2      | Learned a level 3 spell: Conjure Flame
  1316 | D:2      | Learned a level 2 spell: Blink
  1622 | D:2      | Found a faded altar of an unknown god.
  1696 | D:2      | Found Zin Ruax's Assorted Antiques.
  1701 | D:2      | Reached skill level 1 in Invocations
  2060 | D:2      | Reached skill level 1 in Fighting
  2060 | D:2      | Reached skill level 1 in Short Blades
  2060 | D:2      | Reached skill level 1 in Long Blades
  2060 | D:2      | Reached skill level 1 in Axes
  2060 | D:2      | Reached skill level 1 in Maces & Flails
  2060 | D:2      | Reached skill level 1 in Polearms
  2060 | D:2      | Reached skill level 1 in Staves
  2060 | D:2      | Reached skill level 1 in Slings
  2060 | D:2      | Reached skill level 1 in Bows
  2060 | D:2      | Reached skill level 1 in Crossbows
  2060 | D:2      | Reached skill level 1 in Throwing
  2060 | D:2      | Reached skill level 1 in Armour
  2060 | D:2      | Reached skill level 1 in Shields
  2060 | D:2      | Reached skill level 1 in Unarmed Combat
  2060 | D:2      | Reached skill level 1 in Evocations
  2060 | D:2      | Reached XP level 4. HP: 22/32 MP: 0/13
  2330 | D:3      | Noticed Natasha
  2338 | D:3      | Killed Natasha
  2339 | D:3      | Reached skill level 1 in Hexes
  2339 | D:3      | Reached skill level 1 in Necromancy
  2339 | D:3      | Reached skill level 1 in Transmutations
  2339 | D:3      | Reached skill level 1 in Fire Magic
  2339 | D:3      | Reached skill level 1 in Ice Magic
  2339 | D:3      | Reached skill level 1 in Air Magic
  2339 | D:3      | Reached skill level 1 in Earth Magic
  2339 | D:3      | Reached skill level 1 in Poison Magic
  2602 | D:3      | Noticed Natasha
  2626 | D:3      | Killed Natasha
  2627 | D:3      | Reached XP level 5. HP: 20/37 MP: 1/14
  3104 | D:3      | Noticed Natasha
  3113 | D:3      | Killed Natasha
  3287 | D:4      | Found a runed translucent door.
  3288 | D:4      | Noticed Darius099's ghost (amateur TrBe)
  3625 | D:4      | Noticed Sigmund
  3684 | D:4      | Killed Sigmund
  3685 | D:4      | Reached skill level 5 in Dodging
  3685 | D:4      | Reached XP level 6. HP: 44/44 MP: 11/16
  3752 | D:4      | Noticed Eustachio
  3784 | D:4      | Killed Eustachio
  3785 | D:4      | Reached XP level 7. HP: 42/51 MP: 15/18
  4541 | D:4      | Found a hazy altar of Hepliaklqana.
  4898 | D:5      | Entered Level 5 of the Dungeon
  4913 | D:5      | Reached skill level 5 in Stealth
  5072 | D:5      | HP: 2/46 [wight/+3 war axe (1)]
  5072 | D:5      | Mangled by a wight

Illustrated notes

Levels and vault maps discovered:
D:1:      dpeg_arrival_water_fire, layout_loops_ring
D:2:      layout_rooms, serial_shops, nicolae_shop_window_shopping,
          shapermc_ecumenical_altar_gd, skrybe_limestone_x
D:3:      layout_basic, uniq_natasha
D:4:      minmay_evil_eye, layout_gridville, old_standard_altar,
          hellmonk_ghost_happy_afterlife, serial_bayou_pond_d, uniq_eustachio,
          uniq_sigmund
D:5:      minmay_octagon_keep, layout_basic, serial_bayou_lake_a

Skill      XL: |  1  2  3  4  5  6  7 |
---------------+----------------------+-----
Conjurations   | 2 3 |  3.1
Summonings     | 2 3 |  3.1
Translocations | 2 3 |  3.1
Invocations    | 1 2 3 |  3.0
Fighting       | 1 2 |  2.6
Short Blades   | 1 2 |  2.6
Long Blades    | 1 2 |  2.6
Axes           | 1 2 |  2.6
Maces & Flails | 1 2 |  2.6
Polearms       | 1 2 |  2.6
Staves         | 1 2 |  2.6
Slings         | 1 2 |  2.6
Bows           | 1 2 |  2.6
Crossbows      | 1 2 |  2.6
Throwing       | 1 2 |  2.6
Armour         | 1 2 |  2.6
Shields        | 1 2 |  2.6
Unarmed Combat | 1 2 |  2.6
Evocations     | 1 2 |  2.6
Hexes          | 1 2 |  2.1
Necromancy     | 1 2 |  2.1
Transmutations | 1 2 |  2.1
Fire Magic     | 1 2 |  2.1
Ice Magic      | 1 2 |  2.1
Air Magic      | 1 2 |  2.1
Earth Magic    | 1 2 |  2.1
Poison Magic   | 1 2 |  2.1
Dodging        | 5 |  5.3
Stealth        | 5 |  5.0
Spellcasting   | |  7.7

Action                   |  1- 3 |  4- 6 |  7- 9 || total
-------------------------+-------+-------+-------++-------
Melee: Dagger            |     2 |    10 |       ||    12
       Bite              |       |     4 |     1 ||     5
       Scythe            |       |    10 |    29 ||    39
 Cast: Magic Dart        |    93 |   127 |    48 ||   268
       Mephitic Cloud    |       |     4 |     6 ||    10
 Stab: Sleeping          |       |     2 |       ||     2
       Confused          |       |       |     3 ||     3
Armor: Robe              |     2 |    18 |    13 ||    33
Dodge: Dodged            |     7 |    91 |    52 ||   150

Table legend: (Time is in decaauts)
 A = Elapsed time spent in this place.
 B = Non-inter-level travel time spent in this place.
 C = Inter-level travel time spent in this place.
 D = Time resting spent in this place.
 E = Time spent auto-exploring this place.
 F = Levels seen in this place.
 G = Mean time per level.
                   A        B        C        D        E       F      G
               +--------+--------+--------+--------+--------+-----+--------+
         Total |   5105 |   5009 |     96 |    221 |   4036 |   5 | 1021.0 |
       Dungeon |   5105 |   5009 |     96 |    221 |   4036 |   5 | 1021.0 |
               +--------+--------+--------+--------+--------+-----+--------+

Top non-repeatable levels by time:
     D:4: 1497 daAuts
     D:1: 1290 daAuts
     D:3: 1283 daAuts
     D:2: 851 daAuts
     D:5: 182 daAuts
